AoeStats
← ViChoc

Black Forest

510210251Analyzed
4v4 RM · 23h ago on Sep 30, 2026· 50m 46s· 8 players
Game mode
Random Map
Map size
Large (8 player)
Population
200
Speed
Normal
Resources
Standard
Victory
Conquest
Starting age
Dark Age
Ending age
Imperial Age
RankedLock teamsTeams togetherTeam positionsShared explorationLock speedFull tech treeHidden civsTurbo modeCheats
Victory
Defeat
🇻🇪 Slavs · Venezuela
1436
+8
🇨🇱 Celts · Chile
1248
+15
🇻🇪 Khmer · Venezuela
1186
+18
🇨🇱 Britons · Chile
1125
+21
🇻🇳 Japanese · Vietnam
1312
-18
🇲🇽 Bohemians · Mexico
1290
-18
🇬🇧 Slavs · United Kingdom
1179
-13
🇬🇹 Berbers · Guatemala
1165
-13
No le den a mi mujer
6:30 Loom
6:38 Loom
11:04 Feudal Age
12:19 Double-Bit Axe
15:05 Castle Age
12:50 Town Watch
12:46 Horse Collar
16:14 Bow Saw
21:12 Heavy Plow
22:10 Wheelbarrow
21:34 Stone Mining
21:57 Gold Mining
24:02 Gold Shaft Mining
24:09 Hand Cart
24:37 Town Watch
24:54 Scale Mail Armor
25:05 Forging
30:27 Imperial Age
29:19 Chain Mail Armor
29:40 Iron Casting
30:45 Ballistics
32:15 Chemistry
30:38 Capped Ram
32:38 Two-Man Saw
32:08 Crop Rotation
32:20 Siege Engineers
32:59 Plate Mail Armor
33:29 Blast Furnace
32:45 Heavy Scorpion
33:47 Siege Ram
35:33 Light Cavalry
36:14 Husbandry
36:20 Scale Barding Armor
36:43 Hussar
38:14 Conscription
38:35 Murder Holes
38:50 Masonry
40:11 Coinage
40:27 Chain Barding Armor
40:38 Bloodlines
43:15 Plate Barding Armor
42:43 Detinets
44:34 Hoardings
LACOSA
0:29 Loom
11:57 Feudal Age
13:40 Wheelbarrow
16:10 Double-Bit Axe
20:23 Castle Age
22:03 Bow Saw
32:27 Imperial Age
30:18 Fletching
30:55 Bodkin Arrow
31:32 Crossbowman
32:51 Padded Archer Armor
33:07 Arbalester
37:18 Bracer
41:19 Leather Archer Armor
41:32 Town Watch
47:57 Chemistry
48:08 Elite Skirmisher
LeCoque
10:48 Feudal Age
14:43 Castle Age
13:34 Double-Bit Axe
18:52 Loom
18:53 Town Watch
23:58 Wheelbarrow
24:03 Horse Collar
25:45 Gold Mining
25:57 Heavy Plow
28:36 Imperial Age
26:43 Scale Barding Armor
27:16 Gold Shaft Mining
27:16 Husbandry
27:28 Forging
28:44 Chain Barding Armor
28:59 Iron Casting
28:50 Bloodlines
30:21 Plate Barding Armor
29:30 Elite Battle Elephant
36:11 Heavy Scorpion
38:20 Conscription
42:00 Double Crossbow
42:01 Tusk Swords
44:42 Chemistry
46:31 Ballistics
46:16 Siege Engineers
48:51 Blast Furnace
47:34 Light Cavalry
RafaMath
0:33 Loom
13:12 Feudal Age
19:20 Castle Age
18:16 Horse Collar
18:25 Double-Bit Axe
20:47 Wheelbarrow
37:55 Bow Saw
38:16 Heavy Plow
40:14 Hand Cart
45:39 Imperial Age
45:13 Gold Mining
45:35 Town Watch
45:53 Scale Mail Armor
45:54 Gambesons
45:55 Arson
47:24 Chain Mail Armor
47:21 Forging
46:47 Elite Woad Raider
49:50 Iron Casting
49:48 Plate Mail Armor
49:41 Conscription
52:22 Blast Furnace
ViChoc
0:27 Loom
11:55 Feudal Age
12:39 Double-Bit Axe
13:36 Wheelbarrow
18:36 Fletching
21:26 Fishing Lines
27:18 Castle Age
27:27 Gold Mining
28:26 Forging
28:17 Scale Mail Armor
28:22 Scale Barding Armor
28:45 Bow Saw
28:53 Hand Cart
29:12 Husbandry
29:23 Bloodlines
29:50 Iron Casting
29:25 Town Watch
31:42 Kasbah
31:23 Pikeman
32:03 Squires
31:49 Arson
33:04 Gillnets
37:14 Imperial Age
36:21 Coinage
35:52 Caravan
37:05 Gold Shaft Mining
36:20 Stone Mining
36:53 Chain Barding Armor
36:48 Chain Mail Armor
39:00 Conscription
39:52 Blast Furnace
38:48 Bodkin Arrow
38:54 Padded Archer Armor
38:56 Elite Skirmisher
39:42 Thumb Ring
41:09 Onager
Manee
4:36 Loom
12:03 Feudal Age
16:12 Castle Age
14:24 Horse Collar
14:31 Double-Bit Axe
17:48 Wheelbarrow
21:10 Town Watch
21:40 Bow Saw
24:20 Fervor
24:54 Redemption
25:35 Sanctity
26:22 Heavy Plow
27:29 Pikeman
31:59 Imperial Age
32:14 Hand Cart
32:58 Forging
32:52 Scale Mail Armor
33:05 Squires
32:25 Halberdier
36:54 Two-Man Saw
37:20 Chemistry
42:06 Iron Casting
41:46 Chain Mail Armor
41:59 Siege Engineers
46:02 Scale Barding Armor
47:45 Houfnice
Sir Faffalot
11:19 Feudal Age
12:37 Loom
15:20 Castle Age
13:38 Double-Bit Axe
14:04 Horse Collar
16:44 Bow Saw
18:32 Heavy Plow
22:39 Fletching
25:58 Fishing Lines
27:06 Wheelbarrow
26:16 Town Watch
30:20 Imperial Age
28:59 Detinets
29:06 Scale Barding Armor
29:16 Forging
29:36 Hand Cart
30:15 Chain Barding Armor
30:40 Masonry
30:42 Elite Boyar
31:27 Gold Mining
32:51 Hoardings
32:02 Pikeman
32:44 Squires
33:31 Druzhina
33:33 Scale Mail Armor
33:44 Halberdier
34:41 Chain Mail Armor
35:29 Gold Shaft Mining
35:37 Iron Casting
35:40 Block Printing
38:57 Conscription
39:26 Bodkin Arrow
40:07 Plate Barding Armor
40:55 Onager
42:40 Blast Furnace
43:41 Man-at-Arms
44:53 Plate Mail Armor
44:28 Long Swordsman
45:22 Two-Handed Swordsman
46:14 Champion
48:19 Chemistry
48:45 Siege Onager
50:37 Siege Engineers
50:56 Ballistics
Melodies of Life
4:45 Loom
8:15 Feudal Age
12:04 Fletching
19:57 Castle Age
17:55 Stone Mining
18:27 Double-Bit Axe
21:12 Wheelbarrow
20:49 Bow Saw
20:20 Horse Collar
21:42 Heavy Plow
30:24 Gold Mining
31:50 Scale Mail Armor
32:02 Forging
32:13 Hand Cart
35:57 Chain Mail Armor
36:18 Iron Casting
38:15 Imperial Age
35:32 Town Watch
36:41 Yasama
36:50 Bodkin Arrow
38:10 Gold Shaft Mining
44:06 Masonry
43:38 Treadmill Crane
44:08 Guard Tower
44:42 Ballistics
45:11 Ballistics
48:36 Keep
47:44 Treadmill Crane
48:11 Siege Engineers
47:56 Arrowslits
49:12 Chemistry
Connection lost

Rejoining the realm…

Still unreachable

The connection could not be restored.

Session expired

The server has moved on; the page needs a fresh start.